 Dungeon Crawl Stone Soup version 0.28-a0-479-g5baa6b73be (webtiles) character file.

Game seed: 7386596580501948389

7 Armakuni the Skirmisher (level 2, -1/24 HPs)
             Began as a Human Monk on Sept 18, 2021.
             Slain by a goblin (4 damage)
             ... on level 1 of the Dungeon.
             The game lasted 00:00:32 (198 turns).

Armakuni the Skirmisher (Human Monk)                 Turns: 198, Time: 00:00:33

Health: -1/24      AC:  2    Str: 11    XL:     2   Next: 10%
Magic:  2/2        EV: 13    Int: 10    God:
Gold:   0          SH:  0    Dex: 15    Spells: 1/1 levels left

rFire   . . .      SeeInvis .   a - +0 falchion
rCold   . . .      Faith    .   (no shield)
rNeg    . . .      Spirit   .   b - +0 robe
rPois   .          Reflect  .   (no helmet)
rElec   .          Harm     .   (no cloak)
rCorr   .          Rampage  .   (no gloves)
Will    .....                   (no boots)
Stlth   ++........              (no amulet)
HPRegen 0.08/turn               (no ring)
MPRegen 0.08/turn               (no ring)

@: no status effects
A: no striking features
a: no special abilities


You were on level 1 of the Dungeon.
You visited 1 branch of the dungeon, and saw 1 of its levels.

Inventory:

Hand Weapons
 a - a +0 falchion (weapon)
Armour
 b - a +0 robe (worn)


   Skills:
 + Level 3.2 Fighting
 + Level 3.2 Long Blades
 - Level 3.0 Dodging
 - Level 2.0 Stealth


You had one spell level left.
You didn't know any spells.
Your spell library was empty.

Dungeon Overview and Level Annotations

Branches:
Dungeon (1/15)

Altars:


Message History

The rat barely misses you. The rat bites you but does no damage.
You aren't carrying any potions.
Okay, then.
You barely miss the hobgoblin. The hobgoblin hits you.
You hit the hobgoblin.
The hobgoblin is lightly wounded.
The hobgoblin hits you but does no damage.
You hit the hobgoblin.
The hobgoblin is moderately wounded.
The hobgoblin hits you.
* * * LOW HITPOINT WARNING * * *
The hobgoblin hits you.
* * * LOW HITPOINT WARNING * * *
You hit the hobgoblin.
You kill the hobgoblin!
You have reached level 2!
You aren't carrying any potions.
As you read the scroll labelled GOMU MEOHYUDD, it crumbles to dust.
It is a scroll of amnesia.
You feel forgetful for a moment. The rat bites you but does no damage.
You slash the rat!
You kill the rat!
The bat hits you.
* * * LOW HITPOINT WARNING * * *
The bat closely misses you. The bat hits you.
* * * LOW HITPOINT WARNING * * *
The bat closely misses you. The bat barely misses you.
The rat twitches its whiskers.
The bat closely misses you.
The bat enters a dispersal trap!
The goblin blinks!
The rat blinks!
You blink.
The bat blinks!
The bat barely misses you. The bat closely misses you. The bat misses you.
You see here a rat corpse.
You see here a hobgoblin corpse.
Found 11 poisoned darts.
There is a stone staircase leading down here.
The goblin hits you with a +0 club.
You die...

#.......#
#.......#
#.......###
#.........
#......>### #
#.......[..
#...##.....>.#
#....@...#
######g#...(.
#r# ### ##
##b# #. #..#
#. #.##
#.######.#
#........#
#........#


You could see a goblin, a bat and a rat.

Vanquished Creatures
  A giant cockroach (D:1)
  A goblin (D:1)
  3 hobgoblins (D:1)
  A rat (D:1)
6 creatures vanquished.

Notes
Turn   | Place    | Note
-------+----------+-------------------------------------------
     0 | D:1      | Armakuni the Human Monk began the quest for the Orb.
     0 | D:1      | Reached XP level 1. HP: 18/18 MP: 1/1
   178 | D:1      | Reached XP level 2. HP: 3/24 MP: 2/2
   198 | D:1      | Slain by a goblin

Illustrated notes

Levels and vault maps discovered:
D:1:      dpeg_arrival_arbitrary_c, layout_rooms, ebering_ecumenical_altar_hall,
          minmay_tromino_mix6

Action                   || total
-------------------------++-------
Melee: Falchion          ||    21
  Use: Scroll            ||     1
Armor: Robe              ||     8
Dodge: Dodged            ||    17

Table legend: (Time is in decaauts)
 A = Elapsed time spent in this place.
 B = Non-inter-level travel time spent in this place.
 C = Inter-level travel time spent in this place.
 D = Time resting spent in this place.
 E = Time spent auto-exploring this place.
 F = Levels seen in this place.
 G = Mean time per level.
                   A        B        C        D        E       F      G
               +--------+--------+--------+--------+--------+-----+--------+
         Total |    201 |    201 |      0 |      0 |    138 |   1 |  201.0 |
       Dungeon |    201 |    201 |      0 |      0 |    138 |   1 |  201.0 |
               +--------+--------+--------+--------+--------+-----+--------+

Top non-repeatable levels by time:
     D:1: 201 daAuts
